 Dungeon Crawl Stone Soup version 0.20.1-1-g8b1a95d66d (webtiles) character file.

67 4FPSwarrior the Insei (level 4, -2/28 HPs)
             Began as an Octopode Transmuter on Nov 16, 2017.
             Killed from afar by an orc wizard (4 damage)
             ... with a magic dart
             ... on level 4 of the Dungeon.
             The game lasted 00:08:12 (1583 turns).

4FPSwarrior the Insei (Octopode Transmuter)         Turns: 1583, Time: 00:08:13

Health: -2/28      AC:  2    Str:  9    XL:     4   Next: 16%
Magic:  3/7        EV: 13    Int: 17    God:
Gold:   49         SH:  0    Dex: 13    Spells: 4/7 levels left

rFire    . . .     SeeInvis .     - Unarmed
rCold    . . .     Gourm    .   (no shield)
rNeg     . . .     Faith    .   n - +1 hat
rPois    .         Spirit   .   (no amulet)
rElec    .         Reflect  .   g - +2 ring of intelligence
rCorr    .         Harm     .   (no ring)
MR       .....                  (no ring)
Stlth    +++.......             (no ring)
Regen    0.1/turn               (no ring)
MPRegen  0.1/turn               (no ring)
                                (no ring)
                                (no ring)

@: no status effects
A: almost no armour, stealthy swim, amphibious, 8 rings, constrict 8, camouflage
1, gelatinous body 1
a: no special abilities


You were on level 4 of the Dungeon.
You were hungry.

You visited 1 branch of the dungeon, and saw 4 of its levels.

You collected 49 gold pieces.

Inventory:

Missiles
 a - 40 arrows
 e - 99 stones (quivered)
 k - 19 sling bullets
Armour
 n - a +1 hat (worn)
Jewellery
 g - a +2 ring of intelligence (left tentacle)
Scrolls
 i - a scroll of teleportation {unknown}
 l - 2 scrolls of identify {unknown}
 o - a scroll of fear {unknown}
Potions
 d - a potion of brilliance {unknown}
 h - a potion of cancellation {unknown}
 m - 2 potions of agility {unknown}
 p - 2 potions of berserk rage {unknown}
Books
 b - a book of Changes

   Spells                             Type                      Level
   a - Beastly Appendage              Transmutation                1
   b - Sticks to Snakes               Transmutation                2
   c - Spider Form                    Transmutation/Poison         3
   d - Ice Form                       Ice/Transmutation            4
   e - Blade Hands                    Transmutation                5
Comestibles
 c - 2 bread rations
 j - 5 fruits


   Skills:
 + Level 1.0 Fighting
 + Level 2.1 Dodging
 + Level 0.8 Stealth
 * Level 4.2 Unarmed Combat
 + Level 2.2 Spellcasting
 * Level 2.5 Transmutations


You had 4 spell levels left.
You knew the following spells:

 Your Spells              Type           Power        Failure   Level  Hunger
a - Beastly Appendage     Tmut           ##....       7%          1    #......
b - Sticks to Snakes      Tmut           ##......     10%         2    ###....


Dungeon Overview and Level Annotations

Branches:
Dungeon (4/15)
 Temple: D:4-7

Altars:

Annotations:
D:3 Natasha


Innate Abilities, Weirdness & Mutations

You cannot wear most types of armour.
You are very stealthy in the water. (Stealth+)
You are amphibious.
You can wear up to eight rings at the same time.
You can use your tentacles to constrict eight enemies at once.
Your skin changes colour to match your surroundings (Stealth+).
Your rubbery body absorbs attacks. (AC +1, EV +1)


Message History

The orc wizard hits you with a dagger.
You tentacle-slap the orc wizard. You grab the orc wizard.
The orc wizard is moderately wounded.
You constrict the orc wizard. The orc wizard hits you with a dagger.
* * * LOW HITPOINT WARNING * * *
The orc wizard gestures at you while chanting.
The magic dart hits you!
* * * LOW HITPOINT WARNING * * *
You swap places.
You release your grip on the orc wizard.
Your ball python closely misses the orc wizard.
Your ball python barely misses the orc wizard.
The orc wizard hits your ball python with a dagger.
Your ball python dies!
* * * LOW HITPOINT WARNING * * *
You feel sick.
You are no longer poisoned.
The orc wizard points at you and mumbles some strange words.
The magic dart hits you!
You die...

####### #.....#
#.###.###############
#.# #.o..Z....)..?...
#.###.######.##%####Z
#...@.# #.# (#
###.### #.# (# #.#
#.# o# #.# #.# (#
###########.# #.# (#
#...........# #.# .#
#.########### #.# #.#


You could see an orc wizard.

Vanquished Creatures
  3 adders
  An ooze (D:1)
  A worm (D:2)
  An orc (D:4)
  2 giant cockroaches
  8 goblins
  A hobgoblin (D:3)
  A quokka (D:3)
  4 bats
  3 frilled lizards
  2 kobolds (D:2)
  6 rats
33 creatures vanquished.

Notes
Turn   | Place    | Note
-------+----------+-------------------------------------------
     0 | D:1      | 4FPSwarrior the Octopode Transmuter began the quest for the Orb.
     0 | D:1      | Reached XP level 1. HP: 13/13 MP: 3/3
   324 | D:1      | Reached XP level 2. HP: 16/18 MP: 3/5
   935 | D:2      | Reached XP level 3. HP: 18/23 MP: 4/6
  1043 | D:2      | Reached skill level 4 in Unarmed Combat
  1331 | D:2      | Learned a level 2 spell: Sticks to Snakes
  1478 | D:3      | Noticed Natasha
  1560 | D:4      | Reached XP level 4. HP: 28/28 MP: 5/7
  1581 | D:4      | HP: 1/28 [poisoned by an adder]
  1583 | D:4      | Killed from afar by an orc wizard

Skill      XL: |  1  2  3 |
---------------+----------+-----
Unarmed Combat | 4 |  4.2
Fighting       | |  1.0
Dodging        | |  2.1
Stealth        | |  0.8
Spellcasting   | |  2.2
Transmutations | |  2.5

Action                   |  1- 3 |  4- 6 || total
-------------------------+-------+-------++-------
Melee: Unarmed           |    71 |     8 ||    79
       Tentacles         |     9 |     2 ||    11
       Constrict         |    15 |     2 ||    17
       Kick              |     7 |     1 ||     8
Throw: Stone             |     9 |       ||     9
 Cast: Beastly Appendage |    15 |       ||    15
       Sticks to Snakes  |     1 |     2 ||     3
 Stab: Sleeping          |     6 |       ||     6
  Eat: Chunk             |     2 |       ||     2
Armor: Skin              |    11 |     1 ||    12
Dodge: Dodged            |    39 |     3 ||    42
